 Dungeon Crawl Stone Soup version 0.22-a0-525-gf69a080 (webtiles) character file.

1815 gmonis the Destroyer (level 8, -2/57 HPs)
             Began as a Yellow Draconian Conjurer on June 21, 2018.
             Slain by a killer bee (6 damage)
             ... on level 7 of the Dungeon.
             The game lasted 00:24:57 (8147 turns).

gmonis the Destroyer (Yellow Draconian Conjurer)    Turns: 8147, Time: 00:24:58

Health: -2/57      AC:  6    Str: 11    XL:     8   Next: 85%
Magic:  5/17       EV: 12    Int: 17    God:
Gold:   339        SH:  0    Dex: 14    Spells: 12/19 levels left

rFire    . . .     SeeInvis .   k - +0 hand axe
rCold    . . .     Gourm    .   (no shield)
rNeg     . . .     Faith    .   (armour unavailable)
rPois    +         Spirit   .   (helmet restricted)
rElec    .         Reflect  .   (no cloak)
rCorr    +         Harm     .   (no gloves)
MR       .....                  (no boots)
Stlth    ++........             p - amulet of regeneration
HPRegen  0.59/turn              B - ring of wizardry
MPRegen  0.15/turn              r - ring of poison resistance

@: lethally poisoned (-2 -> -3)
A: spit acid, acid resistance, unfitting armour, hooves 1, horns 1, agile 1,
cold-blooded, AC +6
a: Breathe Acid


You were on level 7 of the Dungeon.
You were not hungry.

You visited 1 branch of the dungeon, and saw 7 of its levels.

You collected 339 gold pieces.

Inventory:

Hand Weapons
 k - a +0 hand axe (weapon)
Missiles
 a - 190 stones (quivered)
Jewellery
 l - an uncursed ring of protection from magic
 p - an amulet of regeneration (around neck)
 r - a ring of poison resistance (right hand)
 B - a ring of wizardry (left hand)
Wands
 C - a wand of iceblast (8)
 E - a wand of enslavement (15)
Scrolls
 c - 2 scrolls of magic mapping {unknown}
 e - a scroll of blinking {unknown}
 f - 6 scrolls of teleportation
 g - 2 scrolls of random uselessness {unknown}
 h - a scroll of enchant weapon {unknown}
 i - 4 scrolls of amnesia {unknown}
 j - a scroll of enchant armour {unknown}
 m - 6 scrolls of remove curse
 q - 2 scrolls of noise {unknown}
 s - 2 scrolls of fear {unknown}
 u - 3 scrolls of immolation {unknown}
 y - 3 scrolls of identify
Potions
 d - a potion of curing
 n - a potion of flight {unknown}
 o - a potion of cancellation {unknown}
 t - a potion of lignification
 v - a potion of resistance {unknown}
 w - a potion of heal wounds {unknown}
 x - a potion of degeneration {unknown}
 z - a potion of brilliance {unknown}
 A - a potion of mutation
 D - a potion of might
 F - a potion of invisibility {unknown}
Comestibles
 b - 10 rations


   Skills:
 - Level 1.7 Dodging
 - Level 1.7 Stealth
 + Level 6.4 Spellcasting
 * Level 10.1 Conjurations


You had 12 spell levels left.
You knew the following spells:

 Your Spells              Type           Power        Failure   Level  Hunger
a - Magic Dart            Conj           ####         1%          1    None
b - Searing Ray           Conj           #####.       1%          2    None
c - Iskenderun's Mystic   Conj           #####...     1%          4    ####...

Your spell library contained the following spells:

 Spells                   Type           Power        Failure   Level  Hunger
 Fulminant Prism          Conj/Hex       ###.......   6%          4    ####...
 Dazzling Spray           Conj/Hex       ###...       1%          3    ##.....
 Force Lance              Conj/Tloc      ###.....     6%          4    ####...


Dungeon Overview and Level Annotations

Branches:
Dungeon (7/15)             Temple (0/1) D:6

Altars:
Ashenzari
Cheibriados
Nemelex Xobeh
Qazlal
Xom
Zin

Shops:
D:5 :


Innate Abilities, Weirdness & Mutations

You can spit globs of acid.
You are resistant to acid.
Your golden yellow scales are hard. (AC +6)
You cannot fit into any form of body armour.
You are cold-blooded and may be slowed by cold attacks.
You have large cloven feet.
You have a pair of small horns on your head.
You are agile. (Dex +2)


Message History

The killer bee is heavily wounded.
You feel sick. The killer bee barely misses you.
The killer bee closely misses you. The killer bee stings you.
* * * LOW HITPOINT WARNING * * *
The killer bee stings you!
* * * LOW HITPOINT WARNING * * *
The killer bee stings you.
* * * LOW HITPOINT WARNING * * *
The killer bee closely misses you. The killer bee stings you.
* * * LOW HITPOINT WARNING * * *
The killer bee stings you but does no damage.
Casting: Magic Dart (safe; 1% risk of failure)
Confirm with . or Enter, or press ? or * to list all spells.
Aiming: Magic Dart (safe; 1% risk of failure)
Press: ? - help, Shift-Dir - straight line, f/p - killer bee
Aim: a killer bee (heavily wounded)
The magic dart hits the killer bee.
The killer bee is almost dead.
The killer bee barely misses you. The killer bee stings you.
You die...

.. #.# ####### #.#
....?.. #.# ....... #.#
....... #.#
#####y......
#.####...@y..#
##....'...yy..#
#....##.......#
######....##.......#
##.........##.......#
.......^...'..........
##.####....####.#..####
#.# #.<..# #.#..# #.#
##+### .# ..


You could see 4 killer bees.

Vanquished Creatures
  An ice beast (D:7)
  A sky beast (D:5)
  A phantom (D:5)
  2 ogres
  3 centaurs
  2 bullfrogs
  4 scorpions
  A killer bee (D:7)
  4 wights (D:6)
  3 crimson imps
  2 centaur skeletons
  2 orc priests
  A bullfrog zombie (D:6)
  A hound (D:5)
  A jelly (D:5)
  An orc wizard (D:6)
  Jessica (D:2)
  Ijyb (D:4)
  Terence (D:2)
  3 worker ants
  3 adders
  A shadow imp (D:6)
  A worm (D:5)
  2 dart slugs (D:2)
  3 leopard geckos
  20 orcs
  7 bats
  3 giant cockroaches
  4 goblins
  3 hobgoblins
  4 jackals
  2 quokkas
  3 ball pythons
  3 frilled lizards
  4 kobolds
  6 rats
105 creatures vanquished.

Notes
Turn   | Place    | Note
-------+----------+-------------------------------------------
     0 | D:1      | gmonis the Draconian Conjurer began the quest for the Orb.
     0 | D:1      | Reached XP level 1. HP: 14/14 MP: 3/3
   447 | D:1      | Reached XP level 2. HP: 20/20 MP: 3/5
  1205 | D:2      | Noticed a crimson imp
  1440 | D:2      | Noticed Jessica
  1450 | D:2      | Killed Jessica
  1450 | D:2      | Reached skill level 5 in Conjurations
  1450 | D:2      | Reached XP level 3. HP: 24/26 MP: 0/6
  2473 | D:2      | Reached XP level 4. HP: 28/33 MP: 2/7
  2759 | D:3      | Noticed Terence
  2834 | D:2      | Killed Terence
  3271 | D:3      | Learned a level 2 spell: Searing Ray
  3350 | D:3      | Reached skill level 6 in Conjurations
  3350 | D:3      | Reached XP level 5. HP: 23/38 MP: 1/9
  4380 | D:4      | Noticed an ogre
  4422 | D:5      | Entered Level 5 of the Dungeon
  4674 | D:5      | Reached XP level 6. HP: 43/45 MP: 3/11
  4898 | D:5      | Found a snail-covered altar of Cheibriados.
  5002 | D:5      | Reached skill level 7 in Conjurations
  5117 | D:5      | Found Eseiluo's Book Emporium.
  5196 | D:5      | Found a sparkling altar of Nemelex Xobeh.
  5198 | D:5      | Noticed a sky beast
  5210 | D:5      | HP: 2/45 [something (6)]
  5228 | D:5      | Killed a sky beast
  5228 | D:5      | Your scales start taking on a golden yellow colour.
  5228 | D:5      | Reached XP level 7. HP: 18/50 MP: 8/13
  5823 | D:4      | Reached skill level 8 in Conjurations
  6210 | D:4      | Noticed Ijyb
  6223 | D:4      | Killed Ijyb
  6362 | D:6      | Reached skill level 5 in Spellcasting
  6433 | D:6      | Reached XP level 8. HP: 56/57 MP: 9/15
  6608 | D:6      | Found a stormy altar of Qazlal.
  6626 | D:6      | Reached skill level 9 in Conjurations
  7033 | D:6      | Found a shattered altar of Ashenzari.
  7033 | D:6      | Found a shimmering altar of Xom.
  7102 | D:6      | Found a staircase to the Ecumenical Temple.
  7184 | D:6      | HP: 2/57 [centaur (3)]
  7253 | D:6      | Gained mutation: You have a pair of small horns on your head. [potion of mutation]
  7253 | D:6      | Gained mutation: You are agile. (Dex +2) [potion of mutation]
  7253 | D:6      | Gained mutation: You have large cloven feet. [potion of mutation]
  7483 | D:6      | Found a glowing silver altar of Zin.
  7638 | D:6      | Learned a level 4 spell: Iskenderun's Mystic Blast
  7938 | D:7      | Reached skill level 10 in Conjurations
  8147 | D:7      | Slain by a killer bee

Vault maps used:
D:1:      dpeg_arrival_ternary
D:2:      uniq_jessica
D:3:      first_ration, serial_glass, glass_columns_b, glass_columns_a,
          uniq_terence
D:4:      uniq_ijyb
D:5:      overflow_temple_1_default, serial_shops, nicolae_shop_window_shopping,
          nemelex_diamond_rough_becter
D:6:      zin_statuary, grunt_temple_overflow_open, temple_statues
D:7:      cheibrodos_two_vegetables

Skill      XL: |  1  2  3  4  5  6  7  8 |
---------------+-------------------------+-----
Conjurations   | 5 6 7 8 10 | 10.1
Spellcasting   | 3 4 5 6 |  6.4
Dodging        | |  1.7
Stealth        | |  1.7

Action                   |  1- 3 |  4- 6 |  7- 9 || total
-------------------------+-------+-------+-------++-------
Melee: Unarmed           |    13 |       |       ||    13
       Hand axe          |    59 |    38 |    28 ||   125
       Tailslap          |     5 |     6 |       ||    11
       Headbutt          |       |       |     2 ||     2
Throw: Stone             |    16 |       |     3 ||    19
 Cast: Magic Dart        |    80 |   132 |   225 ||   437
       Searing Ray       |       |     3 |     2 ||     5
 Abil: Breathe Acid      |       |       |     4 ||     4
  Use: Potion            |       |     1 |     2 ||     3
       Scroll            |       |       |     3 ||     3
  Eat: Chunk             |     6 |     9 |     4 ||    19
       Ration            |       |       |     2 ||     2
Armor: Skin              |    41 |    21 |    49 ||   111
Dodge: Dodged            |    77 |    36 |   124 ||   237

Table legend:
 A = Spawn XP
 B = Non-spawn XP
 C = Spawn XP percentage of total XP
 D = Spawn monster count
 E = Non-spawn monster count
 F = Spawn count percentage of total count
 G = Total turns spent on level
                    A         B        C        D         E        F      G
               +---------+---------+-------+---------+---------+-------+---------
         Total |       0 |    2594 |   0.0 |       0 |     105 |   0.0 |  8147
               +---------+---------+-------+---------+---------+-------+---------
           D:1 |       0 |      22 |   0.0 |       0 |      14 |   0.0 |  1174
           D:2 |       0 |     116 |   0.0 |       0 |      19 |   0.0 |  1793
           D:3 |       0 |     110 |   0.0 |       0 |      21 |   0.0 |   773
           D:4 |       0 |     413 |   0.0 |       0 |      13 |   0.0 |  1227
           D:5 |       0 |     623 |   0.0 |       0 |      12 |   0.0 |  1482
           D:6 |       0 |     955 |   0.0 |       0 |      22 |   0.0 |  1403
           D:7 |       0 |     355 |   0.0 |       0 |       4 |   0.0 |   295
               +---------+---------+-------+---------+---------+-------+---------
